[Event "Late-Titled-Tuesday-Blitz-September-12-2023"]
[Site "Chess.com"]
[Date "2023.09.12"]
[Round "10"]
[White "EnvigadoCity"]
[Black "Aleksandar-Topalov"]
[Result "0-1"]
[WhiteElo "2184"]
[BlackElo "2377"]
[TimeControl "180+1"]
[EndTime "15:50:38 PDT"]
[Termination "Aleksandar-Topalov won by resignation"]

1. d4 e6 2. c4 f5 3. Nc3 Nf6 4. Bg5 Bb4 5. Qb3 a5 6. e3 O-O 7. a3 Bxc3+ 8. Qxc3 Qe8 9. Bxf6 Rxf6 10. Nf3 d6 11. Bd3 Nc6 12. d5 Ne7 13. dxe6 Bxe6 14. O-O-O c6 15. Bc2 Bd7 16. Rd2 d5 17. Rhd1 Be6 18.
Nd4 Qf7 19. c5 Ng6 20. f4 Bd7 21. h4 Nxh4 22. Nf3 Nxf3 23. gxf3 Qe7 24. Qe5 Qxc5 25. Rg1 Qd6 26. Qc3 g6 27. Rh2 Raf8 28. Kb1 b6 29. e4 fxe4 30. fxe4 Qxf4 31. Rgh1 R8f7 32. exd5 cxd5 33. Qc7 Bf5 34. Qd8+ Rf8 35. Qxd5+ Be6 36. Qb7 R6f7 37. Qxb6 Qc4 38. b3 Qd5 39. Qg1 Bf5 40. Qc1 Qxb3+ 41. Ka1 Bxc2 42. Rxc2 Rf3 43. Rc7 Qxa3+ 44. Qxa3 Rxa3+ 45. Kb2 Raf3 46. Rcxh7 R3f7 47. Rh8+ Kg7 48. R8h7+ Kf6 49. Rf1+ Ke7 50. Rh3 Rxf1 51. Ka2 R8f2+ 52. Ka3 Rf3+ 0-1

[Event "Late-Titled-Tuesday-Blitz-September-12-2023"]
[Site "Chess.com"]
[Date "2023.09.12"]
[Round "10"]
[White "Beca95"]
[Black "Maksimus1998"]
[Result "1/2-1/2"]
[WhiteElo "2950"]
[BlackElo "2599"]
[TimeControl "180+1"]
[EndTime "15:50:45 PDT"]
[Termination "Game drawn by stalemate"]

1. c4 e6 2. Nc3 d5 3. d4 Bb4 4.
a3 Bxc3+ 5. bxc3 Nf6 6. f3 O-O 7. cxd5 exd5 8. e3 b6 9. Bd3 c5 10. Ne2 Re8 11. O-O Ba6 12. Ng3 Bxd3 13. Qxd3 Nc6 14.
Bb2 Rc8 15. Rad1 h5 16. e4 h4 17. Nf5 cxd4 18. cxd4 dxe4 19. fxe4 Rxe4 20. Nxg7 Kxg7 21. Rxf6 Qxf6 22. Qxe4 Ne7 23. Qg4+ Kf8 24. Rf1 Qg6 25. Qxg6 Nxg6 26. d5 Ke7 27. d6+ Kxd6 28. Rxf7 Rc2 29.
Bd4 Kd5 30. Bg7 Ke4 31. Bh6 Ra2 32. h3 Rxa3 33. Rf6 Ne5 34. Rf4+ Kd5 35. Rxh4 b5 36.
Rh5 Ke6 37. Bg7 Ng6 38. Rxb5 Nf4 39. Kh2 Ra2 40. Rb2 Rxb2 41. Bxb2 a5 42. g4 a4 43. Kg3 Nd3 44. Ba3 Ne1 45. h4 Nc2 46. Bb2 a3 47.
Bc3 a2 48. h5 a1=Q 49. Bxa1 Nxa1 50. Kf4 Kf7 51. Kf5 Nb3 52. g5 Nd4+ 53. Ke5 Nf3+ 54.
Kf4 Nxg5 55. Kxg5 Kg7 56. h6+ Kh7 57. Kh5 Kh8 58. Kg6 Kg8 59. h7+ Kh8 60. Kh6 1/2-1/2

[Event "Late-Titled-Tuesday-Blitz-September-12-2023"]
[Site "Chess.com"]
[Date "2023.09.12"]
[Round "10"]
[White "Inepton_Fermion"]
[Black "tteshan"]
[Result "1-0"]
[WhiteElo "2383"]
[BlackElo "2515"]
[TimeControl "180+1"]
[EndTime "15:50:49 PDT"]
[Termination "Inepton_Fermion won by resignation"]

1. Nf3 c5 2. e4 Nc6 3. d4 cxd4 4. Nxd4 g6 5. c4 Bg7 6. Be3 Nf6 7. Nc3 O-O 8. Be2 d6 9. O-O Nxd4 10. Bxd4 Bd7 11.
h3 Bc6 12. Qc2 a5 13. Rad1 Nd7 14. Bxg7 Kxg7 15. Bg4 Ne5 16. c5 Nxg4 17. hxg4 Qc8 18. cxd6 Qxg4 19. dxe7 Rfe8 20. Nd5 Bxd5 21. exd5 Rxe7 22.
d6 Rd7 23. Rd5 h5 24. Rfd1 Re8 25. Qc3+ Kh7 26. Qxa5 Re2 27. R5d2 Re6 28. Qc5 Rf6 29. b4 h4 30. Rd4 Rf4 31. Rxf4 Qxf4 32. Rd4 Qf6 33. a4 Kg7 34. a5 Qe6 35. Rd1 h3 36.
Qc3+ Kg8 37. Qxh3 Rxd6 38. Rxd6 Qxd6 39. Qc8+ Kg7 40. Qxb7 Qd1+ 41. Kh2 Qh5+ 42. Kg3 g5 43. Qe4 Qh6 44. Qd4+ Kg8 45. b5 f5 46. Qd5+ Kh8 47.
Qe5+ Kg8 48. Qxf5 Qd6+ 49. Kg4 Qd4+ 50. Kxg5 Qd2+ 51. Qf4 Qd5+ 52. Kg4 Qxg2+ 53. Qg3 Qe4+ 54. Kh3+ Kf8 55. b6 Qh7+ 56. Kg2 Qe4+ 57. Qf3+ 1-0

[Event "Late-Titled-Tuesday-Blitz-September-12-2023"]
[Site "Chess.com"]
[Date "2023.09.12"]
[Round "10"]
[White "valemava"]
[Black "newyorkmouse"]
[Result "0-1"]
[WhiteElo "2359"]
[BlackElo "2479"]
[TimeControl "180+1"]
[EndTime "15:50:54 PDT"]
[Termination "newyorkmouse won by checkmate"]

1. c4 e6 2. a3 Nf6 3. b4 d5 4. cxd5 exd5 5. Bb2 a5 6. b5 Nbd7 7. e3 Nb6 8. a4 Be7 9. Nf3 O-O 10. Be2 c6 11. O-O cxb5 12. axb5 Bf5 13. Nd4 Bg6 14. d3 a4 15. Ba3 Qd7 16. f4 Rfc8 17. f5 Bxa3 18. Nxa3 Qe7 19. fxg6 Qxe3+ 20. Kh1 Qxd4 21.
gxf7+ Kxf7 22. Nc2 Qb2 23. Ne3 Re8 24. Bh5+ g6 25.
Ng4 Re6 26. Nxf6 Rxf6 27. Rxf6+ Qxf6 28. Bf3 a3 29. d4 Ra4 30. Bxd5+ Kg7 31. Bxb7 Rxd4 32.
Qg1 Ra4 33. Bc6 a2 34. h3 Nc4 35. Bd5 Qc3 36. Bxc4 Qxc4 37. b6 Qb3 38. Qc1 Rb4 39. Qc7+ Kh6 40. Rxa2 Qxa2 41. b7 Qb1+ 42. Kh2 Rxb7 43.
Qf4+ g5 44. Qf6+ Qg6 45. Qf8+ Qg7 46. Qd6+ Qg6 47. Qf8+ Rg7 48. g4 Qe6 49. Kg2 Kg6 50.
Qa8 h6 51. Qf3 Qf6 52. Qd3+ Kf7 53. Qd7+ Kg8 54. Qe8+ Kh7 55. Qe4+ Qg6 56. Qe2 Rd7 57. Qe3 Qd3 58. Qe6 Qd2+ 59. Kf1 Qd1+ 60. Kf2 Rd2+ 61. Kg3 Qg1+ 62. Kf3 Qf1+ 63. Kg3 Rg2# 0-1

[Event "Late-Titled-Tuesday-Blitz-September-12-2023"]
[Site "Chess.com"]
[Date "2023.09.12"]
[Round "10"]
[White "Msb2"]
[Black "KaydenTroffChess"]
[Result "1-0"]
[WhiteElo "3091"]
[BlackElo "2757"]
[TimeControl "180+1"]
[EndTime "15:50:56 PDT"]
[Termination "Msb2 won by resignation"]

1. d4 Nf6 2. c4 g6 3. Nc3 d5 4. cxd5 Nxd5 5. e4 Nxc3 6. bxc3 Bg7 7. Nf3 c5 8. Bb5+ Nc6 9. O-O cxd4 10. cxd4 O-O 11.
Bxc6 bxc6 12. Qc2 Bg4 13. Ne5 Qxd4 14. Bb2 Qb6 15. Rab1 Bxe5 16. Bxe5 Qa6 17. Qc5 Rfe8 18. Ba1 Qxa2 19. Qc3 f6 20. e5 Qe6 21. Rfe1 f5 22.
Qe3 a5 23. f3 Bh5 24. h3 Reb8 25.
Qg5 Rb4 26. Bc3 Rc4 27. Rb7 Re8 28. Bxa5 Rc5 29. Bc7 Rb5 30. Ra7 Qd5 31. Ra3 Rb2 32. e6 Qd4+ 33. Rae3 Qd2 34. Be5 Rc2 35. Qg3 Rc5 36.
Ba1 Rc1 37. Qe5 Rxa1 38. Qxa1 f4 39. R3e2 Qd6 40. Qe5 Qxe5 41. Rxe5 Kg7 42. h4 Kf6 43. Rc5 h6 44. Ree5 Rc8 45. Kh2 Rc7 46. Re4 g5 47. hxg5+ hxg5 48. Ree5 Bg6 49. Rxg5 Bd3 50. Rg4 Kxe6 51. Rxf4 Kd6 52. Rc3 Bb5 53. Rd4+ Ke5 54. Re4+ Kf6 55. Rce3 c5 56. Re6+ Kf7 57. R6e5 Bd7 58.
Rxe7+ Kf6 59. R7e4 Bf5 60. Rc4 Be6 61. Rf4+ Kg5 62.
Kg3 Bc8 63. Re5+ Kg6 64. Rc4 Kf6 65. Rexc5 Rg7+ 66. Kf2 Be6 67. Rc6 Ke5 68. Re4+ Kd5 69.
Rcxe6 1-0

[Event "Late-Titled-Tuesday-Blitz-September-12-2023"]
[Site "Chess.com"]
[Date "2023.09.12"]
[Round "10"]
[White "GarayevKanan"]
[Black "MathiasWomacka"]
[Result "1-0"]
[WhiteElo "2729"]
[BlackElo "2543"]
[TimeControl "180+1"]
[EndTime "15:50:56 PDT"]
[Termination "GarayevKanan won on time"]

1. c4 c5 2. Nf3 Nf6 3. Nc3 e6 4. e3 d5 5. d4 Nc6 6. a3 Ne4 7. Bd3 Nxc3 8. bxc3 Be7 9. O-O O-O 10. Bb2 b6 11.
cxd5 exd5 12. c4 dxc4 13. Bxc4 Bf6 14. Qc1 cxd4 15. Nxd4 Nxd4 16. Bxd4 Bxd4 17. exd4 Qxd4 18. Rd1 Qf6 19. Bd5 Rb8 20. Qc7 Be6 21. Bf3 a5 22. Rab1 Rfc8 23. Qd6 Bf5 24. Qxf6 gxf6 25. Rb5 Bc2 26.
Re1 Bd3 27. Rd5 Rd8 28. Rxd8+ Rxd8 29. Rd1 Rd7 30. g4 Kf8 31. Kg2 Ke7 32. Kg3 Bc4 33. Re1+ Kd6 34. Rd1+ Kc7 35. Re1 b5 36. Re8 Kb6 37. Kf4 Be6 38. Rb8+ Kc5 39. Rc8+ Kd4 40.
Bc6 Rd6 41. Rc7 b4 42. axb4 axb4 43. Be4 b3 44. Bxh7 Rb6 45. h4 b2 46. Bb1 Rb4 47. f3 Kd5+ 48. Kg3 Kd6 49. Rc3 Rd4 50. h5 Rd2 51. h6 Rd1 52. Rd3+ Rxd3 53. Bxd3 Bc4 54.
Bb1 Ke7 55. h7 1-0

[Event "Late-Titled-Tuesday-Blitz-September-12-2023"]
[Site "Chess.com"]
[Date "2023.09.12"]
[Round "10"]
[White "Zampronha1971"]
[Black "aNaartjieZA"]
[Result "0-1"]
[WhiteElo "2289"]
[BlackElo "2434"]
[TimeControl "180+1"]
[EndTime "15:50:58 PDT"]
[Termination "aNaartjieZA won on time"]

1. e4 e6 2. d4 d5 3. Nc3 Bb4 4. e5 c5 5. a3 Bxc3+ 6. bxc3 Ne7 7. Qg4 Qc7 8. Qxg7 Rg8 9. Qxh7 cxd4 10. Ne2 Nbc6 11. f4 dxc3 12. Qd3 d4 13. Nxd4 Nxd4 14. Qxd4 Bd7 15. Qf2 Qc6 16. Rg1 Nf5 17. g3 Qe4+ 18.
Qe2 Qd4 19. Qf2 Bc6 20. Bd3 O-O-O 21. Qxd4 Nxd4 22. Kf2 Nf3 23. Be3 Nxg1 24. Rxg1 b6 25. h4 Rh8 26. Rb1 Bd5 27. Rb4 Kc7 28. Bd4 Bc6 29.
Bxc3 Rd5 30. Rb1 a5 31. Ra1 Ba4 32. Rd1 Rc5 33. Bd4 Rd5 34. Be3 Rhd8 35. Re1 Rh8 36. Rh1 Bc6 37. Re1 Bb5 38. Rd1 Bxd3 39. cxd3 Rb5 40.
Rd2 Rb3 41. Rc2+ Kd7 42. a4 Rb8 43. h5 Rxd3 44. g4 Ra3 45. Rd2+ Kc6 46. g5 Rxa4 47. Kf3 b5 48. Rc2+ Kd7 49. Rg2 Rh8 50. g6 fxg6 51.
hxg6 Rc4 52. Kg4 Re4 53. Bb6 a4 54. Kg5 b4 55. Rf2 a3 56. Bc5 Kc6 57. Bxb4 Rxb4 58. g7 Rg8 59. Kf6 Kd5 60. Kf7 Rbb8 61. Ra2 Ra8 62. Rxa3 Rxg7+ 63. Kxg7 Rxa3 0-1

[Event "Late-Titled-Tuesday-Blitz-September-12-2023"]
[Site "Chess.com"]
[Date "2023.09.12"]
[Round "10"]
[White "Quattroporte300"]
[Black "carloseduar100"]
[Result "0-1"]
[WhiteElo "2390"]
[BlackElo "2308"]
[TimeControl "180+1"]
[EndTime "15:51:02 PDT"]
[Termination "carloseduar100 won by resignation"]

1. e4 e6 2. d4 d5 3. e5 c5 4.
c3 Nc6 5. Nf3 Qb6 6. Be2 Bd7 7.
O-O h5 8. dxc5 Bxc5 9. b4 Be7 10.
Be3 Qc7 11. c4 Nxe5 12. cxd5 Ng4 13. Bd4 N8f6 14. dxe6 Bxe6 15. Nc3 Rd8 16. h3 Kf8 17. Rc1 Qf4 18. g3 Qh6 19. Qc2 h4 20. Bxf6 Nxf6 21. g4 Qf4 22. Rfd1 g6 23. Rxd8+ Bxd8 24. Qd2 Qxd2 25.
Nxd2 Kg7 26. a3 a5 27. b5 Bb6 28. Nde4 Rc8 29. Nxf6 Kxf6 30. Ne4+ Ke5 31. Rxc8 Bxc8 32. Nd2 Kf4 33. Kg2 Bc5 34. a4 b6 35. Nb3 Bb7+ 36. Kf1 Bb4 37. Nd4 f5 38. gxf5 gxf5 39. Bd3 Be4 40. Bxe4 fxe4 41. Ke2 Bc5 42. Ne6+ Ke5 43.
Nd8 Kd5 44. Nf7 Kc4 45. Ne5+ Kb3 46. Ng6 Kxa4 47. Nxh4 Kxb5 48. Nf5 a4 49. Ne3 a3 50. Nc2 a2 51. h4 Kc4 52. h5 Bf8 53. Kd1 b5 54.
Kc1 Bg7 55. h6 a1=Q+ 56. Nxa1 Bxa1 57. h7 Bh8 58. Kc2 b4 0-1

[Event "Late-Titled-Tuesday-Blitz-September-12-2023"]
[Site "Chess.com"]
[Date "2023.09.12"]
[Round "10"]
[White "Mariia89"]
[Black "Rinqed222"]
[Result "1/2-1/2"]
[WhiteElo "2029"]
[BlackElo "2216"]
[TimeControl "180+1"]
[EndTime "15:51:06 PDT"]
[Termination "Game drawn - insufficient material"]

1. d4 Nf6 2. Nf3 g6 3. c4 Bg7 4.
Nc3 O-O 5. e4 d6 6. Be2 Nbd7 7.
O-O e5 8. Re1 Qe7 9. Bf1 exd4 10. Nxd4 c6 11. f3 a5 12. Be3 Nc5 13. Qd2 Ne6 14.
Rad1 Rd8 15. Qf2 Nc5 16. b3 Nh5 17. Qd2 Ne6 18. Na4 Qh4 19. Nxe6 Bxe6 20. Bf2 Qe7 21. Nb6 Rab8 22. Qxa5 Be5 23. Qd2 Bf4 24. Qc3 Be5 25. Bd4 Qg5 26. Bxe5 dxe5 27. Rxd8+ Rxd8 28. Qe3 Nf4 29. g3 Rd2 30. Kh1 Rxa2 31. gxf4 exf4 32.
Qg1 Qa5 33. Rd1 Qc3 34. Bg2 Bh3 35. Bxh3 Qxf3+ 36. Bg2 Rxg2 37. Qxg2 Qxd1+ 38. Qg1 Qxb3 39. Qd4 Qf3+ 40. Kg1 Qe3+ 41. Qxe3 fxe3 42. Kf1 f5 43.
exf5 gxf5 44. Ke2 f4 45. Kf3 Kf7 46. Na4 Ke6 47. Nc3 Ke5 48. h4 Kd4 49. Ne2+ Kxc4 50.
Nxf4 b5 51. Kxe3 b4 52. h5 Kc5 53. Kd3 Kd6 54. h6 Ke5 55. Ne2 Kf5 56. Nd4+ Kg6 57. Nxc6 Kxh6 58. Nxb4 Kg5 59. Ke3 Kf5 60. Kf3 h5 61.
Kg3 Kg5 62. Nd3 h4+ 63. Kh3 Kh5 64. Nf2 Kg5 65. Ng4 Kf4 66. Kxh4 1/2-1/2

[Event "Late-Titled-Tuesday-Blitz-September-12-2023"]
[Site "Chess.com"]
[Date "2023.09.12"]
[Round "10"]
[White "MightyGMpretender"]
[Black "CrushingKings"]
[Result "1-0"]
[WhiteElo "2726"]
[BlackElo "2514"]
[TimeControl "180+1"]
[EndTime "15:51:11 PDT"]
[Termination "MightyGMpretender won by resignation"]

1. e4 g6 2. d4 Bg7 3. Nf3 c6 4. h3 d5 5. e5 f6 6. c4 fxe5 7. dxe5 Nh6 8. Nc3 e6 9. cxd5 cxd5 10. Bb5+ Bd7 11. O-O O-O 12. Bxh6 Bxh6 13. Nh2 Bxb5 14. Nxb5 Nc6 15. Nd4 Nxd4 16. Qxd4 Rf4 17. Qd2 Qf8 18. Qd3 Qf5 19. Qb5 b6 20. Rac1 Rf8 21. Ng4 Bg7 22. Rc7 h5 23. Qd7 Qf7 24. Nf6+ Bxf6 25. exf6 Qxd7 26.
Rxd7 Rf7 27. Rd8+ Kh7 28. Re1 R4xf6 29. f3 Rc7 30. Re2 Kg7 31. Kf2 Kf7 32. Rh8 Kg7 33. Re8 Kf7 34. Rh8 Kg7 35. Ra8 Kf7 36. h4 Ke7 37.
Rg8 Kd6 38. Rd2 e5 39. Rd8+ Rd7 40. Rxd5+ Kxd5 41. Rxd7+ Kc4 42. Rxa7 Kd3 43. b3 e4 44. Rd7+ Kc3 45. Ke3 exf3 46. gxf3 Kb2 47. Rd2+ Ka3 48.
Rg2 b5 49. Rg5 b4 50. Ra5+ Kb2 51. Ke4 Rf7 52. Ra4 Kc3 53. Ra6 Kb2 54. Rb6 Ka3 55. f4 Re7+ 56. Kd4 Rf7 57. Ke5 Rf5+ 58. Ke4 Rf7 59.
Ra6+ Kb2 60. Ra4 Kc3 61. a3 Kxb3 62. Rxb4+ Kxa3 63. Rb6 Rg7 64. Ke5 Ka4 65. Kf6 Rc7 66.
Kxg6 Rc4 67. Kg5 Ka5 68. Rb1 Rc5+ 69. f5 Ka6 70. Kg6 Ka7 71. f6 1-0

[Event "Late-Titled-Tuesday-Blitz-September-12-2023"]
[Site "Chess.com"]
[Date "2023.09.12"]
[Round "10"]
[White "djano"]
[Black "zajka-molotok"]
[Result "0-1"]
[WhiteElo "2621"]
[BlackElo "2514"]
[TimeControl "180+1"]
[EndTime "15:51:13 PDT"]
[Termination "zajka-molotok won by resignation"]

1. e4 c5 2. Nc3 a6 3. g3 b5 4. Bg2 Bb7 5. d3 Nf6 6. Nh3 e6 7. O-O b4 8. Na4 d5 9. e5 Nfd7 10. f4 Nc6 11. f5 Ndxe5 12. fxe6 fxe6 13. Ng5 Qe7 14. Bh3 Nd8 15. Bf4 Ng6 16. Qh5 Kd7 17. Nb6+ Kc6 18. Nxa8 Bxa8 19. Rae1 Nxf4 20. gxf4 g6 21. Qf3 Kb5 22. Nxe6 Nxe6 23. Rxe6 Qg7 24. c4+ Ka5 25. cxd5 Qd4+ 26. Qe3 Bg7 27. Bg2 Qxe3+ 28.
Rxe3 Bd4 29. Re1 Re8 30. Kf2 Kb5 31. Be4 Rd8 32. b3 Bxd5 33. Kf3 Bxe3 34. Rxe3 Bg8 35. f5 gxf5 36. Bxf5 Rf8 37. Kg4 a5 38. Re7 Kb6 39. Be4 a4 40. Rb7+ Ka6 41. bxa4 Bxa2 42.
Rc7 Kb6 43. Rb7+ Ka5 44. Rb5+ Kxa4 45. Rxc5 b3 46. Bd5 Rb8 47. Rc7 Ka3 48. Ra7+ Kb2 49.
Kg5 Kc3 50. Bc4 Rc8 51. Kh6 Rxc4 52. dxc4 b2 53. Rb7 Bb3 54. Kxh7 b1=Q+ 55. Kg7 Qg1+ 56. Kf7 Qxh2 57. Ke7 Qe2+ 58. Kd8 Qd3+ 59. Rd7 Qe3 60. Re7 Qg5 61. Kd7 Bxc4 62. Kd6 Qb5 63.
Re5 Qb4+ 64. Kc6 Kd4 65. Rg5 Qa4+ 66. Kb6 Qb4+ 67. Kc7 Qe7+ 68. Kb6 Qxg5 0-1

[Event "Late-Titled-Tuesday-Blitz-September-12-2023"]
[Site "Chess.com"]
[Date "2023.09.12"]
[Round "10"]
[White "kingofthenil"]
[Black "ozates"]
[Result "1/2-1/2"]
[WhiteElo "2791"]
[BlackElo "2586"]
[TimeControl "180+1"]
[EndTime "15:51:14 PDT"]
[Termination "Game drawn - insufficient material"]

1. e4 c5 2. d3 Nc6 3. g3 g6 4. Bh6 Bxh6 5. c3 Bg7 6. Bg2 d6 7. f4 e6 8. Nf3 Nge7 9. O-O O-O 10. Qe2 Rb8 11. a4 a6 12. h4 h5 13. Ng5 f6 14.
Nh3 f5 15. Ng5 Qd7 16. a5 b5 17. axb6 Rxb6 18. Na3 d5 19. exd5 exd5 20. Rfe1 Bf6 21.
Qf2 Bxg5 22. hxg5 Qd6 23. Re2 Bd7 24. Rae1 Rbb8 25. Nb1 Rbe8 26. d4 cxd4 27. cxd4 Nc8 28. Nc3 Nb6 29. Bf1 Rxe2 30. Rxe2 Qb4 31. Rd2 Re8 32.
Bxa6 Nc4 33. Nxd5 Qxd2 34. Bxc4 Qxf2+ 35. Kxf2 Kg7 36. Nf6 Rd8 37. d5 Ne7 38. Ke3 Be8 39. Kd4 Bf7 40. b4 Nc8 41. b5 Nd6 42. Bd3 Rb8 43. Kc5 Ne4+ 44. Bxe4 fxe4 45. Nxe4 Bxd5 46. Kxd5 Rxb5+ 47. Kd4 Rb3 48. Ke5 Re3 49. Kd4 Re1 50. Kd3 Kf7 51. Nd2 Ke6 52. Nf3 Ra1 53.
Ne5 Kf5 54. Ke3 Ra3+ 55. Kf2 Rb3 56. Kg2 Ra3 57. Kf2 Ra5 58. Nf3 Kg4 59. Ne5+ Rxe5 60. fxe5 Kxg5 61. Ke3 Kf5 62. Kd4 Ke6 63. Ke4 g5 64.
Kd4 h4 65. gxh4 gxh4 66. Ke4 h3 67. Kf3 Kxe5 68. Kg3 Kf5 69. Kxh3 1/2-1/2

[Event "Late-Titled-Tuesday-Blitz-September-12-2023"]
[Site "Chess.com"]
[Date "2023.09.12"]
[Round "10"]
[White "GMKrikor"]
[Black "Mikhail_Golubev"]
[Result "1-0"]
[WhiteElo "2876"]
[BlackElo "2600"]
[TimeControl "180+1"]
[EndTime "15:51:16 PDT"]
[Termination "GMKrikor won on time"]

1. Nf3 d6 2. d4 Nf6 3. c4 g6 4. Nc3 Bg7 5. e4 O-O 6. h3 e5 7. d5 Nh5 8. g3 f5 9. exf5 gxf5 10. Nh4 Nf4 11. gxf4 Qxh4 12. Rg1 Re8 13. Be2 Na6 14. Be3 Nc5 15. fxe5 Rxe5 16. Qd4 f4 17. O-O-O Bf5 18. Qxf4 Qxf4 19. Bxf4 Rxe2 20. Nxe2 Nd3+ 21. Rxd3 Bxd3 22. Bh6 Bg6 23. Bxg7 Kxg7 24. Nf4 Kf6 25. Kd2 Bf7 26.
Ne2 c6 27. dxc6 bxc6 28. b3 a5 29. Nc3 d5 30. cxd5 cxd5 31. Ke3 Be6 32. h4 d4+ 33. Kxd4 Rd8+ 34. Ke3 Bf5 35. Rd1 Rc8 36. Ne2 Re8+ 37.
Kf3 Be4+ 38. Kg3 Bf5 39. Nf4 Rg8+ 40. Kh2 Rg4 41. Ng2 Re4 42. Ne3 Rxh4+ 43. Kg3 Rh3+ 44.
Kf4 Rh4+ 45. Kg3 Rh3+ 46. Kg2 Rh4 47. Nxf5 Kxf5 48. Rd5+ Ke4 49. Rxa5 Rg4+ 50. Kf1 Rg7 51. Rh5 Kd3 52. a4 Kc3 53. Rb5 h5 54. Rxh5 Kxb3 55.
a5 Rg6 56. f3 Kb4 57. Kf2 Rf6 58. Kg3 Rg6+ 59. Kf4 Rf6+ 60. Kg4 Rf8 61. f4 Rg8+ 62.
Kf3 Rf8 63. Re5 Rh8 64. f5 Rh1 65. Kf4 Rf1+ 66. Kg5 Rg1+ 67. Kf6 Rf1 68. Kf7 1-0

[Event "Late-Titled-Tuesday-Blitz-September-12-2023"]
[Site "Chess.com"]
[Date "2023.09.12"]
[Round "10"]
[White "micke12a"]
[Black "salomez"]
[Result "0-1"]
[WhiteElo "2364"]
[BlackElo "2290"]
[TimeControl "180+1"]
[EndTime "15:51:16 PDT"]
[Termination "salomez won by resignation"]

1. d4 Nf6 2. Nc3 d5 3. Bf4 c5 4. e4 Nxe4 5. Nxe4 dxe4 6. dxc5 Qa5+ 7. c3 Qxc5 8. Qa4+ Nc6 9. Qxe4 g6 10. Nf3 Bg7 11.
Qe3 Qxe3+ 12. Bxe3 O-O 13. O-O-O Bg4 14. Be2 Rfd8 15.
h3 Be6 16. Kb1 h6 17. Bb5 Bd5 18. Be2 Be4+ 19. Kc1 Bd5 20. Kb1 Be4+ 21. Kc1 Bd5 22. c4 Be4 23. Rxd8+ Rxd8 24. Rd1 Rc8 25. b3 a6 26. g4 Nb4 27. Bd4 Nxa2+ 28. Kb2 Nb4 29. Bxg7 Kxg7 30. Nd2 Bc6 31. Kc3 a5 32. Ra1 b6 33.
Nf3 f6 34. Nd4 Bd7 35. Kb2 e5 36. Nc2 Nxc2 37. Kxc2 Kf7 38. Rd1 Ke7 39. Bf3 a4 40.
Kb2 axb3 41. Kxb3 f5 42. Re1 e4 43. Bg2 Be6 44. gxf5 gxf5 45. f3 Bxc4+ 46. Kb4 Bd3 47. fxe4 fxe4 48. Ra1 Kd6 49. Rd1 Ke5 50. Kb3 Kd4 51.
Bf1 Rc3+ 52. Kb4 Rc2 53. Bxd3 exd3 54. Rg1 Rb2+ 55. Ka3 Rb5 56. Rg4+ Kc3 57. Ka2 d2 58. Rg3+ Kc2 59. Rg2 Kc1 60. Rg1+ d1=Q 61. Rxd1+ Kxd1 0-1

[Event "Late-Titled-Tuesday-Blitz-September-12-2023"]
[Site "Chess.com"]
[Date "2023.09.12"]
[Round "10"]
[White "ChessSwole"]
[Black "only_strong_moves"]
[Result "1-0"]
[WhiteElo "2709"]
[BlackElo "2517"]
[TimeControl "180+1"]
[EndTime "15:51:20 PDT"]
[Termination "ChessSwole won by resignation"]

1. d4 Nf6 2. c4 e6 3. Nf3 d5 4. Nc3 c5 5. cxd5 cxd4 6. Qxd4 exd5 7. Bg5 Be7 8. e3 O-O 9. Qa4 Bd7 10. Bb5 a6 11.
Bxd7 Nbxd7 12. O-O b5 13. Qd1 Nb6 14. Qd3 b4 15.
Ne2 Ne4 16. Bxe7 Qxe7 17. Nf4 Nf6 18. Rac1 Rac8 19. Qxa6 Qd6 20. Nd4 Ra8 21. Qb5 Nc4 22. Nxd5 Qxd5 23. Qxc4 Rxa2 24. Qxb4 h5 25. Rc5 Rxb2 26.
Qxb2 Qxc5 27. Rc1 Qg5 28. h3 Re8 29. Nf3 Qd5 30. Qb6 Ra8 31. Qd4 Qe6 32. Qf4 Rd8 33.
Nd4 Qd5 34. Nf5 Qd2 35. Rf1 g6 36. Qh4 Qb2 37. Nd4 Qb6 38. Rc1 Kg7 39. Rc6 Qb1+ 40. Kh2 Qb8+ 41. g3 Qe5 42. Qf4 Qe7 43. Nf5+ gxf5 44.
Qg5+ Kf8 45. Rxf6 Rd2 46. Qxf5 h4 47. gxh4 Qc7+ 48. Kg2 Qb7+ 49. Qf3 Qc7 50. Rf4 Qe7 51.
Qe4 Qd7 52. Qh7 Rd6 53. Qh8+ Ke7 54. Re4+ Re6 55. Rxe6+ Qxe6 56. Qd4 Qg6+ 57. Qg4 Qc6+ 58. Qf3 Qg6+ 59. Kh2 Qd6+ 60. Qf4 Qd2 61. Kg3 Qe1 62.
Qe4+ Kf8 63. Kg2 Kg7 64. Qg4+ Kf8 65. h5 Qa5 66. h6 Qa8+ 67. Kh2 Qb8+ 68. Qg3 Qxg3+ 69.
Kxg3 Kg8 70. Kg4 Kh7 71. Kf5 Kxh6 72. Kf6 1-0

[Event "Late-Titled-Tuesday-Blitz-September-12-2023"]
[Site "Chess.com"]
[Date "2023.09.12"]
[Round "10"]
[White "DryCounty"]
[Black "leoduarte"]
[Result "1/2-1/2"]
[WhiteElo "2641"]
[BlackElo "2466"]
[TimeControl "180+1"]
[EndTime "15:51:24 PDT"]
[Termination "Game drawn - insufficient material"]

1. e4 e5 2. Nf3 Nc6 3. Bb5 a6 4.
Ba4 Nf6 5. O-O b5 6. Bb3 Bc5 7. d3 d6 8. Nc3 h6 9. h3 O-O 10. Nd5 Rb8 11. c3 Nxd5 12. exd5 Ne7 13. d4 exd4 14.
Nxd4 Bb7 15. Qh5 Bxd4 16. cxd4 Ng6 17. Bc2 Qf6 18. Be3 Rbe8 19. Rac1 Re7 20. a4 b4 21. a5 Nf4 22. Bxf4 Qxf4 23. Qf5 Qxf5 24. Bxf5 Bxd5 25. Bd3 c6 26. Rfe1 Rfe8 27. Rxe7 Rxe7 28. Bc4 Bxc4 29.
Rxc4 c5 30. dxc5 dxc5 31. Rxc5 Re1+ 32. Kh2 Re2 33. b3 Rxf2 34. Rc8+ Kh7 35. Rc6 Rb2 36. Rxa6 Rxb3 37. Rb6 Ra3 38. Rxb4 Rxa5 39. Rb7 Kg6 40. Rb6+ Kh7 41. Rb7 Rf5 42. Rb4 g6 43. Rb7 h5 44. h4 Kg7 45. g3 Rc5 46. Rb6 Rf5 47. Ra6 Rf6 48. Ra5 Rb6 49. Rc5 Kf6 50. Ra5 Ke6 51. Rc5 Kf6 52. Ra5 Re6 53. Rb5 Re5 54.
Rb6+ Kf5 55. Rb7 f6 56. Rb6 g5 57. hxg5 fxg5 58. Rb4 Re4 59. Rb2 Kg4 60. Kg2 Ra4 61.
Rc2 Rd4 62. Rb2 Re4 63. Rc2 Rd4 64. Rb2 Rc4 65. Ra2 Rb4 66. Rc2 Rb5 67. Rc4+ Kf5 68. Ra4 Rb2+ 69. Kg1 Rc2 70. Rb4 Re2 71. Ra4 Re4 72. Ra2 Rb4 73. Kg2 Kg4 74. Rc2 Re4 75. Rb2 Kf5 76. Rf2+ Ke5 77. Ra2 Kd4 78. Ra5 Rg4 79.
Kf3 Kd3 80. Ra3+ Kd4 81. Ra4+ Ke5 82. Rxg4 hxg4+ 83. Kxg4 Kf6 84. Kh5 Kf5 85. Kh6 Kg4 86. Kg6 Kxg3 87. Kxg5 1/2-1/2

[Event "Late-Titled-Tuesday-Blitz-September-12-2023"]
[Site "Chess.com"]
[Date "2023.09.12"]
[Round "10"]
[White "Alphafischer2019"]
[Black "Mikhal867"]
[Result "0-1"]
[WhiteElo "2552"]
[BlackElo "2468"]
[TimeControl "180+1"]
[EndTime "15:51:28 PDT"]
[Termination "Mikhal867 won by resignation"]

1. d4 Nf6 2. Bf4 g6 3. e3 Bg7 4. Nf3 O-O 5. Be2 c5 6. c3 b6 7.
h3 Bb7 8. O-O d6 9. a4 a6 10.
Bh2 Nfd7 11. Na3 Nc6 12. Re1 Ra7 13. Bd3 Qa8 14. Bf1 Rc8 15. d5 Nce5 16. Nxe5 Nxe5 17. e4 Qb8 18. f4 Nd7 19. Bc4 Ba8 20. Qe2 Re8 21. e5 dxe5 22. fxe5 Qc8 23. Rad1 Nf8 24. Rf1 e6 25. d6 Bc6 26. b3 Rd8 27. Bf4 Qb7 28.
h4 Nd7 29. h5 Rb8 30. h6 Bh8 31. Bd3 b5 32. axb5 axb5 33. Nc2 Ra2 34. Ra1 Rba8 35. Rxa2 Rxa2 36. Ra1 Rxa1+ 37. Nxa1 c4 38. Bc2 Qa7+ 39. Kh2 Qxa1 40. bxc4 Qxc3 41. cxb5 Bd5 42. Be4 Bxe4 43. Qxe4 Bxe5 44. Qa8+ Nf8 45. Bxe5 Qxe5+ 46. g3 Qxd6 47. Qa7 Qd2+ 48. Kh3 Qxh6+ 49. Kg2 Qd2+ 50. Kh3 Qd3 51. b6 Nd7 52. Qa8+ Kg7 53. b7 Qd6 54. Qa1+ f6 55. Qc3 Nb8 56. Qc8 e5 57. Kg2 e4 58. Kf2 Qe5 59. Ke3 Qxg3+ 60. Kxe4 Qe5+ 61. Kf3 h5 62. Kg2 h4 63. Kf3 h3 64. Kf2 h2 65.
Kg2 g5 66. Kh1 Qg3 67. Qc7+ Qxc7 68. Kg2 Qxb7+ 0-1

[Event "Late-Titled-Tuesday-Blitz-September-12-2023"]
[Site "Chess.com"]
[Date "2023.09.12"]
[Round "10"]
[White "RETURNOFTHELAGGER"]
[Black "maksimys18"]
[Result "1/2-1/2"]
[WhiteElo "2598"]
[BlackElo "2496"]
[TimeControl "180+1"]
[EndTime "15:51:33 PDT"]
[Termination "Game drawn - insufficient material"]

1. d4 e6 2. Nf3 d5 3. g3 f5 4.
Bg2 Nf6 5. O-O Bd6 6. Bf4 Bxf4 7. gxf4 O-O 8. e3 Nbd7 9. Nbd2 Ne4 10. c4 c6 11. cxd5 exd5 12. Ne5 Nxe5 13. dxe5 Be6 14. Nb3 Bf7 15. Rc1 Qh4 16. f3 Bh5 17. Qe1 Qxe1 18. Rfxe1 g5 19. fxe4 gxf4 20. exd5 f3 21. Bh3 cxd5 22. Nd4 f4 23. Kf2 Rae8 24. e6 fxe3+ 25.
Rxe3 Rf4 26. Nxf3 d4 27. Rb3 Ref8 28. Bg2 b6 29. h3 d3 30. Rxd3 Re4 31. Re1 Rb4 32.
b3 Rbf4 33. e7 Re8 34. Rd8 Kf7 35. Kg3 Rf5 36. Rxe8 Kxe8 37. h4 Rf7 38. Ng5 Rxe7 39. Rxe7+ Kxe7 40. Bf3 Be8 41. Nxh7 a5 42. Bd1 b5 43.
Kf4 b4 44. Ng5 Bg6 45. Ne4 Ke6 46. h5 Be8 47. Bg4+ Ke7 48. Ke5 a4 49. bxa4 Bxa4 50. h6 Kf8 51. Kf6 Kg8 52. Kg6 Kh8 53. Be6 Bc2 54.
Bd5 Bb1 55. Kf6 Kh7 56. Kg5 Bc2 57. Nf6+ Kh8 58. Bb3 Bb1 59. h7 Bd3 60. Kf4 Kg7 61.
Ke5 Bb1 62. Bg8 Kh8 63. Kd4 Kg7 64. Ne8+ Kh8 65. Kc5 Bxa2 66. Nf6 b3 67. Bxb3 Bxb3 68. Kd6 Bc2 69. Ke7 Bxh7 1/2-1/2